Admirals NSH vs Ice Caps

Created - Wednesday, December 03, 2014 at 20:08

Goals
1 2 3 T
Admirals NSH 0 1 0 1
Ice Caps 0 1 1 2
Shots
1 2 3 T
Admirals NSH 2 10 6 18
Ice Caps 13 8 6 27

1st period

No Goal

Penalties :
Nikita Nesterov (MIL) for Hooking (Minor) at 7:32

2nd period

1. Ice Caps , Garret Ross 4 (Freddie Hamilton) at 0:18
2. Admirals NSH , Matt Fraser 2 (Brody Sutter, Alexey Marchenko) at 2:04 (PP)

Penalties :
Scott Mayfield (STJ) for Hooking (Minor) at 1:00, Scott Mayfield (STJ) for Fighting (Major) at 11:37, Frazer McLaren (MIL) for Fighting (Major) at 11:37

3rd period

3. Ice Caps , Corey Cowick 1 (Seth Helgeson, Rylan Schwartz) at 10:21 (PP)

Penalties :
Cameron Schilling (MIL) for Cross-checking (Minor) at 4:01, Frazer McLaren (MIL) for Holding (Minor) at 10:01, Seth Helgeson (STJ) for Fighting (Major) at 10:50, Frazer McLaren (MIL) for Fighting (Major) at 10:50, Garret Ross (STJ) for Delaying the game (Minor) at 17:54

Goalie Stats

Johan Gustafsson (MIL), 25 saves from 27 shots - (0.926), L, 9-18-1, 59:06 minutes
Nathan Lieuwen (STJ), 17 saves from 18 shots - (0.944), W, 12-2-7, 60:00 minutes

Players Stats for Admirals NSH

Player Name              G  A  P  +/- PIM S  H  SB GA TA FO     MP     PP MP  PK MP  
------------------------------------------------------------------------------------
Adam Cracknell           0  0  0  -1  0   3  1  1  4  0  5/9    18:00   1:48   3:10 
Alexey Marchenko         0  1  1   0  0   1  1  1  0  2  0/0    20:38   1:17   1:59 
Brody Sutter             0  1  1   0  0   1  3  0  0  0  6/8    18:20   1:15   0:31 
Cameron Schilling        0  0  0   0  2   1  0  0  0  1  0/0    14:25   0:00   0:00 
Corey Tropp              0  0  0  -1  0   0  1  0  4  0  0/0    13:59   1:48   0:31 
Frazer McLaren           0  0  0   0  12  4  1  0  2  0  0/0    15:10   1:15   0:00 
Fredrik Claesson         0  0  0  -1  0   0  1  1  0  1  0/0    24:57   1:46   2:19 
Jamie Tardif             0  0  0   0  0   0  0  1  1  0  0/0    15:49   0:28   0:00 
Jyrki Jokipakka          0  0  0  -1  0   0  1  1  0  0  0/0    24:57   1:46   2:19 
Lane MacDermid           0  0  0   0  0   0  0  0  0  0  0/0     0:00   0:00   0:00 
Marcel Noebels           0  0  0   0  0   0  1  0  1  0  0/0    10:40   0:00   0:00 
Matt Fraser              1  0  1   0  0   5  2  0  2  1  0/0    19:10   1:15   0:37 
Mike Blunden             0  0  0  -1  0   0  0  0  2  1  1/4    22:38   1:20   2:39 
Nikita Nesterov          0  0  0   0  2   0  0  0  1  1  0/0    14:36   0:00   0:00 
Patrick Mullen           0  0  0   0  0   1  0  2  0  4  0/0    20:38   1:17   1:59 
Pierre-Cedric Labrie     0  0  0   0  0   2  0  1  2  0  0/0    15:00   0:00   0:00 
Wade Megan               0  0  0   0  0   0  2  0  0  0  5/14   16:00   0:00   1:08 
Zach Hamill              0  0  0   0  0   0  0  0  1  0  1/1    10:40   0:00   0:00 

Players Stats for Ice Caps

Player Name              G  A  P  +/- PIM S  H  SB GA TA FO     MP     PP MP  PK MP  
------------------------------------------------------------------------------------
Brandon Davidson         0  0  0   0  0   1  0  0  0  2  0/0    22:50   1:59   1:04 
Colin Smith              0  0  0   0  0   4  1  0  3  1  9/13   19:53   1:49   0:00 
Corey Cowick             1  0  1   0  0   2  1  0  5  1  0/0    20:18   1:49   0:55 
Daniil Tarasov           0  0  0   1  0   2  1  0  0  0  0/1    21:46   1:14   1:50 
David Wohlberg           0  0  0   0  0   0  0  0  0  0  0/0     0:00   0:00   0:00 
Freddie Hamilton         0  1  1   1  0   3  3  1  3  1  4/9    19:59   1:14   0:00 
Garret Ross              1  0  1   1  2   2  2  1  0  0  2/2    21:46   2:29   1:04 
Joel Edmundson           0  0  0   0  0   1  0  0  0  1  0/0    11:33   0:00   0:00 
Klas Dahlbeck            0  0  0   1  0   1  3  1  0  1  0/0    25:59   2:19   1:59 
Kory Nagy                0  0  0   0  0   3  1  0  0  1  0/0    12:27   1:15   0:18 
Michael Schumacher       0  0  0   0  0   1  0  0  1  0  1/1    15:29   1:37   0:00 
Rasmus Rissanen          0  0  0   0  0   0  1  1  1  0  0/0    18:02   0:00   1:59 
Riley Wetmore            0  0  0   0  0   4  1  0  4  0  0/5    16:23   0:00   0:55 
Rylan Schwartz           0  1  1   0  0   2  1  0  0  1  2/5    20:24   1:27   0:46 
Scott Mayfield           0  0  0   0  7   1  1  0  1  1  0/0    21:50   1:59   1:04 
Seth Helgeson            0  1  1   1  5   0  2  0  0  2  0/0    22:36   2:19   0:00 
Troy Bourke              0  0  0   0  0   0  0  0  2  1  0/0     5:38   0:00   0:18 
William Wrenn            0  0  0   0  0   0  0  0  0  0  0/0     0:00   0:00   0:00 

3 Stars

1 - Nathan Lieuwen (STJ)
2 - Matt Fraser (MIL)
3 - Freddie Hamilton (STJ)

Power Play

Admirals NSH - 1 on 2 Attempt(s) - 50.00%
Ice Caps - 1 on 3 Attempt(s) - 33.33%

Penalty Kill

Admirals NSH - 2 on 3 Attempt(s) - 66.67% - Score 0 goal in Penalty Kill
Ice Caps - 1 on 2 Attempt(s) - 50.00% - Score 0 goal in Penalty Kill

Official

Referees : Unknown
Linesman : Unknown

Game Notes

Scott Mayfield and Frazer McLaren fight to a draw at 11:37 of 2nd period
Seth Helgeson beats up Frazer McLaren at 10:50 of 3rd period

Finance

Level 1 -- Attendance: 1542 (77.10%) -- Ticket Income $53,970
Level 2 -- Attendance: 688 (68.80%) -- Ticket Income $10,320
Total Attendance: 2230 (74.33%)
Total Ticket Income: $64,290
Other Income: $31,502
Total Income: $95,792

Admirals NSH

5 vs 5 Forward 
   Center                   Left Wing                Right Wing               Time % Phy DF OF 
 1 Adam Cracknell           Mike Blunden             Corey Tropp              28     1   2  2  
 2 Brody Sutter             Frazer McLaren           Matt Fraser              28     1   2  2  
 3 Wade Megan               Pierre-Cedric Labrie     Jamie Tardif             22     1   2  2  
 4 Zach Hamill              Marcel Noebels           Mike Blunden             22     1   2  2  

5 vs 5 Defense 
   Defense                  Defense                                           Time % Phy DF OF 
 1 Fredrik Claesson         Jyrki Jokipakka                                   30     1   2  2  
 2 Patrick Mullen           Alexey Marchenko                                  28     1   2  2  
 3 Nikita Nesterov          Cameron Schilling                                 21     1   2  2  
 4 Fredrik Claesson         Jyrki Jokipakka                                   21     1   2  2  

PowerPlay Forward 
   Center                   Left Wing                Right Wing               Time % Phy DF OF 
 1 Adam Cracknell           Mike Blunden             Corey Tropp              60     1   2  2  
 2 Brody Sutter             Frazer McLaren           Matt Fraser              40     1   2  2  

PowerPlay Defense
   Defense                  Defense                                           Time % Phy DF OF 
 1 Fredrik Claesson         Jyrki Jokipakka                                   60     1   2  2  
 2 Patrick Mullen           Alexey Marchenko                                  40     1   2  2  

Penalty Kill 4 Players Forward 
   Center                   Wing                     Time % Phy DF OF 
 1 Mike Blunden             Adam Cracknell           60     1   2  2  
 2 Corey Tropp              Brody Sutter             40     1   2  2  

Penalty Kill 4 Players Defense
   Defense                  Defense                  Time % Phy DF OF 
 1 Fredrik Claesson         Jyrki Jokipakka          60     1   2  2  
 2 Patrick Mullen           Alexey Marchenko         40     1   2  2  

Penalty Kill - 3 Players Forward 
   Forward                                           Time % Phy DF OF 
 1 Mike Blunden                                      60     1   2  2  
 2 Adam Cracknell                                    40     1   2  2  

Penalty Kill - 3 Players Defense
   Defense                  Defense                  Time % Phy DF OF 
 1 Fredrik Claesson         Jyrki Jokipakka          60     1   2  2  
 2 Patrick Mullen           Alexey Marchenko         40     1   2  2  

4 vs 4 Forward 
   Center                   Wing                     Time % Phy DF OF 
 1 Mike Blunden             Adam Cracknell           60     1   2  2  
 2 Corey Tropp              Brody Sutter             40     1   2  2  

4 vs 4 Defense
   Defense                  Defense                  Time % Phy DF OF 
 1 Fredrik Claesson         Jyrki Jokipakka          60     1   2  2  
 2 Patrick Mullen           Alexey Marchenko         40     1   2  2  

Last Minutes Offensive
   Center                   Left Wing                Right Wing               Defense                  Defense                  
   Adam Cracknell           Mike Blunden             Corey Tropp              Fredrik Claesson         Jyrki Jokipakka          

Last Minutes Defensive
   Center                   Left Wing                Right Wing               Defense                  Defense                  
   Adam Cracknell           Mike Blunden             Corey Tropp              Fredrik Claesson         Jyrki Jokipakka          

Goaltenders
Starting : Johan Gustafsson         
Backup : Jeremy Smith             

Extra Forwards
Normal : Jamie Tardif, Pierre-Cedric Labrie, Wade Megan - PP : Jamie Tardif, Pierre-Cedric Labrie - PK : Wade Megan
Extra Defensemen
Normal : Nikita Nesterov, Cameron Schilling, Patrick Mullen - PP : Nikita Nesterov - PK : Cameron Schilling, Patrick Mullen
Penalty Shots
Mike Blunden, Adam Cracknell, Corey Tropp, Brody Sutter, Frazer McLaren

Ice Caps

5 vs 5 Forward 
   Center                   Left Wing                Right Wing               Time % Phy DF OF 
 1 Freddie Hamilton         Garret Ross              Daniil Tarasov           35     1   2  2  
 2 Colin Smith              Corey Cowick             Rylan Schwartz           30     1   2  2  
 3 Rylan Schwartz           Michael Schumacher       Garret Ross              22     1   2  2  
 4 Riley Wetmore            Freddie Hamilton         Daniil Tarasov           13     1   2  2  

5 vs 5 Defense 
   Defense                  Defense                                           Time % Phy DF OF 
 1 Seth Helgeson            Klas Dahlbeck                                     35     1   2  2  
 2 Brandon Davidson         Scott Mayfield                                    30     1   2  2  
 3 Seth Helgeson            Rasmus Rissanen                                   22     1   2  2  
 4 Joel Edmundson           Klas Dahlbeck                                     13     1   2  2  

PowerPlay Forward 
   Center                   Left Wing                Right Wing               Time % Phy DF OF 
 1 Freddie Hamilton         Garret Ross              Daniil Tarasov           60     1   2  2  
 2 Colin Smith              Corey Cowick             Rylan Schwartz           40     1   2  2  

PowerPlay Defense
   Defense                  Defense                                           Time % Phy DF OF 
 1 Seth Helgeson            Klas Dahlbeck                                     60     1   2  2  
 2 Brandon Davidson         Scott Mayfield                                    40     1   2  2  

Penalty Kill 4 Players Forward 
   Center                   Wing                     Time % Phy DF OF 
 1 Garret Ross              Daniil Tarasov           60     1   2  2  
 2 Freddie Hamilton         Colin Smith              40     1   2  2  

Penalty Kill 4 Players Defense
   Defense                  Defense                  Time % Phy DF OF 
 1 Rasmus Rissanen          Klas Dahlbeck            60     1   2  2  
 2 Brandon Davidson         Scott Mayfield           40     1   2  2  

Penalty Kill - 3 Players Forward 
   Forward                                           Time % Phy DF OF 
 1 Garret Ross                                       60     1   2  2  
 2 Daniil Tarasov                                    40     1   2  2  

Penalty Kill - 3 Players Defense
   Defense                  Defense                  Time % Phy DF OF 
 1 Joel Edmundson           Klas Dahlbeck            60     1   2  2  
 2 Brandon Davidson         Scott Mayfield           40     1   2  2  

4 vs 4 Forward 
   Center                   Wing                     Time % Phy DF OF 
 1 Garret Ross              Daniil Tarasov           60     1   2  2  
 2 Freddie Hamilton         Colin Smith              40     1   2  2  

4 vs 4 Defense
   Defense                  Defense                  Time % Phy DF OF 
 1 Seth Helgeson            Klas Dahlbeck            60     1   2  2  
 2 Brandon Davidson         Scott Mayfield           40     1   2  2  

Last Minutes Offensive
   Center                   Left Wing                Right Wing               Defense                  Defense                  
   Freddie Hamilton         Garret Ross              Daniil Tarasov           Brandon Davidson         Klas Dahlbeck            

Last Minutes Defensive
   Center                   Left Wing                Right Wing               Defense                  Defense                  
   Freddie Hamilton         Garret Ross              Daniil Tarasov           Brandon Davidson         Klas Dahlbeck            

Goaltenders
Starting : Nathan Lieuwen           
Backup : Kristers Gudlevskis      

Extra Forwards
Normal : Rylan Schwartz, Michael Schumacher, Riley Wetmore - PP : Rylan Schwartz, Michael Schumacher - PK : Riley Wetmore
Extra Defensemen
Normal : Seth Helgeson, Rasmus Rissanen, Joel Edmundson - PP : Seth Helgeson - PK : Rasmus Rissanen, Joel Edmundson
Penalty Shots
Garret Ross, Daniil Tarasov, Freddie Hamilton, Colin Smith, Rylan Schwartz

% Time on Ice - Admirals NSH

Lines # - Real PCT - Wanted PCT - Time Play
Normal Forward
1 - 23% - 28% - 12:14
2 - 31% - 28% - 16:34
3 - 25% - 22% - 13:09
4 - 20% - 22% - 10:40
Normal Defense
1 - 25% - 30% - 13:02
2 - 33% - 28% - 17:22
3 - 27% - 21% - 14:25
4 - 15% - 21% - 7:48
PP Forward
1 - 59% - 60% - 1:48
2 - 41% - 40% - 1:15
PP Defense
1 - 58% - 60% - 1:46
2 - 42% - 40% - 1:17
PK Forward
1 - 88% - 60% - 3:47
2 - 12% - 40% - 0:31
PK Defense
1 - 54% - 60% - 2:19
2 - 46% - 40% - 1:59
PK3 Forward
1 - 0% - 60%
2 - 0% - 40%
PK3 Defense
1 - 0% - 60%
2 - 0% - 40%
44 Forward
1 - 0% - 60%
2 - 0% - 40%
44 Defense
1 - 0% - 60%
2 - 0% - 40%
Last Minute Offensive  - 0:02
Last Minute Defensive  - 0:00
Total
Forward - 60:00
Defense - 60:00

% Time on Ice - Ice Caps

Lines # - Real PCT - Wanted PCT - Time Play
Normal Forward
1 - 20% - 35% - 10:31
2 - 34% - 30% - 17:59
3 - 22% - 22% - 11:45
4 - 24% - 13% - 12:24
Normal Defense
1 - 23% - 35% - 12:04
2 - 38% - 30% - 19:47
3 - 20% - 22% - 10:44
4 - 19% - 13% - 10:04
PP Forward
1 - 58% - 60% - 2:29
2 - 42% - 40% - 1:49
PP Defense
1 - 54% - 60% - 2:19
2 - 46% - 40% - 1:59
PK Forward
1 - 100% - 60% - 3:03
2 - 0% - 40% - 0:00
PK Defense
1 - 65% - 60% - 1:59
2 - 35% - 40% - 1:04
PK3 Forward
1 - 0% - 60%
2 - 0% - 40%
PK3 Defense
1 - 0% - 60%
2 - 0% - 40%
44 Forward
1 - 0% - 60%
2 - 0% - 40%
44 Defense
1 - 0% - 60%
2 - 0% - 40%
Last Minute Offensive  - 0:00
Last Minute Defensive  - 0:00
Total
Forward - 60:00
Defense - 60:00

Play by Play

1st period


0:01 of 1st period - Adam Cracknell wins face-off versus Daniil Tarasov in neutral zone.
0:10 of 1st period - Wrist shot by Corey Tropp.
0:10 of 1st period - Shot Misses the Net.
0:35 of 1st period - Wrist shot by Corey Tropp.
0:35 of 1st period - Shot Misses the Net.
0:37 of 1st period - Slapshot by Adam Cracknell.
0:37 of 1st period - Shot Blocked by Garret Ross.
2:20 of 1st period - Garret Ross is hit by Marcel Noebels.
2:26 of 1st period - Wrist shot by Zach Hamill.
2:26 of 1st period - Shot Misses the Net.
3:34 of 1st period - Fredrik Claesson is hit by Scott Mayfield.
3:43 of 1st period - Corey Tropp is hit by Seth Helgeson.
3:55 of 1st period - Corey Cowick is hit by Jyrki Jokipakka and loses puck.
4:26 of 1st period - Jyrki Jokipakka is hit by Freddie Hamilton and loses puck.
5:00 of 1st period - Slapshot by Kory Nagy.
5:00 of 1st period - Stopped by Johan Gustafsson with a rebound.
7:24 of 1st period - Snap shot by Freddie Hamilton.
7:24 of 1st period - Stopped by Johan Gustafsson with a rebound.
7:26 of 1st period - Slapshot by Freddie Hamilton.
7:26 of 1st period - Shot Misses the Net.
7:32 of 1st period - Minor Penalty to Nikita Nesterov for Hooking.
7:33 of 1st period - Colin Smith wins face-off versus Mike Blunden in Admirals NSH zone.
8:24 of 1st period - Klas Dahlbeck is hit by Adam Cracknell and loses puck.
8:33 of 1st period - Fredrik Claesson is hit by Klas Dahlbeck and loses puck.
8:52 of 1st period - Garret Ross is hit by Corey Tropp and loses puck.
9:25 of 1st period - Brandon Davidson is hit by Wade Megan and loses puck.
9:32 of 1st period - Penalty to Nikita Nesterov is over, Nikita Nesterov is back on ice.
10:51 of 1st period - Slapshot by Colin Smith.
10:51 of 1st period - Stopped by Johan Gustafsson with a rebound.
11:14 of 1st period - Snap shot by Riley Wetmore.
11:14 of 1st period - Stopped by Johan Gustafsson without a rebound.
11:15 of 1st period - Brody Sutter wins face-off versus Riley Wetmore in Admirals NSH zone.
11:23 of 1st period - Off-side.
11:24 of 1st period - Mike Blunden wins face-off versus Colin Smith in neutral zone.
11:54 of 1st period - Backhand shot by Freddie Hamilton.
11:54 of 1st period - Stopped by Johan Gustafsson with a rebound.
11:56 of 1st period - Slapshot by Riley Wetmore.
11:56 of 1st period - Stopped by Johan Gustafsson with a rebound.
11:58 of 1st period - Snap shot by Riley Wetmore.
11:58 of 1st period - Stopped by Johan Gustafsson with a rebound.
12:00 of 1st period - Slapshot by Rasmus Rissanen.
12:00 of 1st period - Shot Misses the Net.
12:02 of 1st period - Snap shot by Daniil Tarasov.
12:02 of 1st period - Deflect By Zach Hamill.
12:02 of 1st period - Stopped by Johan Gustafsson with a rebound.
12:04 of 1st period - Snap shot by Riley Wetmore.
12:04 of 1st period - Deflect By Patrick Mullen.
12:04 of 1st period - Stopped by Johan Gustafsson with a rebound.
13:41 of 1st period - Snap shot by Corey Cowick.
13:41 of 1st period - Shot Blocked by Pierre-Cedric Labrie.
13:43 of 1st period - Snap shot by Corey Cowick.
13:43 of 1st period - Shot Misses the Net.
13:45 of 1st period - Slapshot by Brandon Davidson.
13:45 of 1st period - Shot Blocked by Adam Cracknell.
14:57 of 1st period - Wrist shot by Frazer McLaren.
14:57 of 1st period - Deflect By Matt Fraser.
14:57 of 1st period - Shot Misses the Net.
14:57 of 1st period - Puck is out of play.
14:58 of 1st period - Brody Sutter wins face-off versus Freddie Hamilton in Ice Caps zone.
14:59 of 1st period - Snap shot by Matt Fraser.
14:59 of 1st period - Stopped by Nathan Lieuwen with a rebound.
15:09 of 1st period - Snap shot by Garret Ross.
15:09 of 1st period - Stopped by Johan Gustafsson with a rebound.
15:11 of 1st period - Snap shot by Daniil Tarasov.
15:11 of 1st period - Stopped by Johan Gustafsson with a rebound.
15:13 of 1st period - Wrist shot by Joel Edmundson.
15:13 of 1st period - Stopped by Johan Gustafsson without a rebound.
15:14 of 1st period - Wade Megan wins face-off versus Freddie Hamilton in Admirals NSH zone.
15:28 of 1st period - Slapshot by Pierre-Cedric Labrie.
15:28 of 1st period - Deflect By Jamie Tardif.
15:28 of 1st period - Shot Misses the Net.
15:28 of 1st period - Puck is out of play.
15:29 of 1st period - Colin Smith wins face-off versus Wade Megan in Ice Caps zone.
16:45 of 1st period - Snap shot by Frazer McLaren.
16:45 of 1st period - Stopped by Nathan Lieuwen with a rebound.
19:24 of 1st period - Icing by Patrick Mullen.
19:25 of 1st period - Brody Sutter wins face-off versus Colin Smith in Admirals NSH zone.
19:36 of 1st period - Slapshot by Klas Dahlbeck.
19:36 of 1st period - Stopped by Johan Gustafsson with a rebound.
19:57 of 1st period - Rylan Schwartz is hit by Alexey Marchenko and loses puck.
Goals for this period are 0 for Admirals NSH vs 0 for Ice Caps.
Shots for this period are 2 for Admirals NSH vs 13 for Ice Caps.

2nd period


0:01 of 2nd period - Adam Cracknell wins face-off versus Freddie Hamilton in neutral zone.
0:14 of 2nd period - Corey Tropp is hit by Garret Ross.
0:18 of 2nd period - Wrist shot by Garret Ross.
0:18 of 2nd period - Goal by Garret Ross - Admirals NSH : 0 - Ice Caps : 1.
0:19 of 2nd period - Freddie Hamilton wins face-off versus Adam Cracknell in neutral zone.
0:44 of 2nd period - Snap shot by Adam Cracknell.
0:44 of 2nd period - Shot Misses the Net.
0:46 of 2nd period - Slapshot by Fredrik Claesson.
0:46 of 2nd period - Deflect By Mike Blunden.
0:46 of 2nd period - Shot Misses the Net.
0:46 of 2nd period - Puck is out of play.
0:47 of 2nd period - Brody Sutter wins face-off versus Rylan Schwartz in Ice Caps zone.
0:48 of 2nd period - Snap shot by Matt Fraser.
0:48 of 2nd period - Stopped by Nathan Lieuwen without a rebound.
0:49 of 2nd period - Colin Smith wins face-off versus Brody Sutter in Ice Caps zone.
1:00 of 2nd period - Minor Penalty to Scott Mayfield for Hooking.
1:01 of 2nd period - Garret Ross wins face-off versus Adam Cracknell in Ice Caps zone.
1:05 of 2nd period - Adam Cracknell is hit by Daniil Tarasov.
1:53 of 2nd period - Klas Dahlbeck is hit by Matt Fraser and loses puck.
1:58 of 2nd period - Wrist shot by Matt Fraser.
1:58 of 2nd period - Shot Misses the Net.
2:00 of 2nd period - Snap shot by Alexey Marchenko.
2:00 of 2nd period - Stopped by Nathan Lieuwen with a rebound.
2:02 of 2nd period - Wrist shot by Brody Sutter.
2:02 of 2nd period - Shot Blocked by Klas Dahlbeck.
2:04 of 2nd period - Snap shot by Matt Fraser.
2:04 of 2nd period - Goal by Matt Fraser - Admirals NSH : 1 - Ice Caps : 1.
2:05 of 2nd period - Colin Smith wins face-off versus Wade Megan in neutral zone.
2:10 of 2nd period - Wrist shot by Corey Cowick.
2:10 of 2nd period - Stopped by Johan Gustafsson without a rebound.
2:11 of 2nd period - Wade Megan wins face-off versus Colin Smith in Admirals NSH zone.
2:24 of 2nd period - Wrist shot by Rylan Schwartz.
2:24 of 2nd period - Shot Blocked by Alexey Marchenko.
3:00 of 2nd period - Snap shot by Adam Cracknell.
3:00 of 2nd period - Shot Misses the Net.
3:12 of 2nd period - Slapshot by Adam Cracknell.
3:12 of 2nd period - Shot Misses the Net.
3:55 of 2nd period - Seth Helgeson is hit by Brody Sutter and loses puck.
4:08 of 2nd period - Snap shot by Frazer McLaren.
4:08 of 2nd period - Stopped by Nathan Lieuwen with a rebound.
5:06 of 2nd period - Wrist shot by Rylan Schwartz.
5:06 of 2nd period - Stopped by Johan Gustafsson with a rebound.
7:06 of 2nd period - Matt Fraser is hit by Riley Wetmore and loses puck.
7:49 of 2nd period - Off-side.
7:50 of 2nd period - Colin Smith wins face-off versus Wade Megan in neutral zone.
7:52 of 2nd period - Off-side.
7:53 of 2nd period - Colin Smith wins face-off versus Wade Megan in neutral zone.
8:20 of 2nd period - Michael Schumacher is hit by Matt Fraser and loses puck.
8:31 of 2nd period - Frazer McLaren is hit by Klas Dahlbeck and loses puck.
9:31 of 2nd period - Slapshot by Adam Cracknell.
9:31 of 2nd period - Stopped by Nathan Lieuwen with a rebound.
9:41 of 2nd period - Wrist shot by Pierre-Cedric Labrie.
9:41 of 2nd period - Stopped by Nathan Lieuwen without a rebound.
9:42 of 2nd period - Garret Ross wins face-off versus Wade Megan in Ice Caps zone.
10:13 of 2nd period - Slapshot by Matt Fraser.
10:13 of 2nd period - Stopped by Nathan Lieuwen with a rebound.
10:39 of 2nd period - Jyrki Jokipakka is hit by Freddie Hamilton and loses puck.
10:48 of 2nd period - Snap shot by Kory Nagy.
10:48 of 2nd period - Stopped by Johan Gustafsson with a rebound.
11:04 of 2nd period - Snap shot by Colin Smith.
11:04 of 2nd period - Stopped by Johan Gustafsson with a rebound.
11:06 of 2nd period - Slapshot by Scott Mayfield.
11:06 of 2nd period - Stopped by Johan Gustafsson with a rebound.
11:08 of 2nd period - Slapshot by Colin Smith.
11:08 of 2nd period - Stopped by Johan Gustafsson with a rebound.
11:37 of 2nd period - Scott Mayfield and Frazer McLaren fight to a draw.
11:37 of 2nd period - Penalty to Scott Mayfield for Fighting.
11:37 of 2nd period - Penalty to Frazer McLaren for Fighting.
11:38 of 2nd period - Rylan Schwartz wins face-off versus Wade Megan in Admirals NSH zone.
11:49 of 2nd period - Snap shot by Rylan Schwartz.
11:49 of 2nd period - Deflect By Michael Schumacher.
11:49 of 2nd period - Stopped by Johan Gustafsson with a rebound.
12:17 of 2nd period - Wrist shot by Riley Wetmore.
12:17 of 2nd period - Shot Blocked by Patrick Mullen.
13:06 of 2nd period - Backhand shot by Adam Cracknell.
13:06 of 2nd period - Stopped by Nathan Lieuwen without a rebound.
13:07 of 2nd period - Zach Hamill wins face-off versus Freddie Hamilton in Ice Caps zone.
13:16 of 2nd period - Wrist shot by Mike Blunden.
13:16 of 2nd period - Shot Blocked by Freddie Hamilton.
13:35 of 2nd period - Wrist shot by Mike Blunden.
13:35 of 2nd period - Shot Misses the Net.
13:37 of 2nd period - Slapshot by Cameron Schilling.
13:37 of 2nd period - Stopped by Nathan Lieuwen with a rebound.
14:05 of 2nd period - Mike Blunden is hit by Colin Smith and loses puck.
14:34 of 2nd period - Wrist shot by Joel Edmundson.
14:34 of 2nd period - Shot Blocked by Jamie Tardif.
15:22 of 2nd period - Adam Cracknell is hit by Kory Nagy and loses puck.
17:55 of 2nd period - Snap shot by Matt Fraser.
17:55 of 2nd period - Stopped by Nathan Lieuwen with a rebound.
19:00 of 2nd period - Frazer McLaren is hit by Rasmus Rissanen and loses puck.
19:22 of 2nd period - Icing by Klas Dahlbeck.
19:23 of 2nd period - Colin Smith wins face-off versus Wade Megan in Ice Caps zone.
19:23 of 2nd period - Colin Smith is hit by Wade Megan.
Goals for this period are 1 for Admirals NSH vs 1 for Ice Caps.
Shots for this period are 10 for Admirals NSH vs 8 for Ice Caps.

3rd period


0:01 of 3rd period - Adam Cracknell wins face-off versus Freddie Hamilton in neutral zone.
0:03 of 3rd period - Off-side.
0:04 of 3rd period - Freddie Hamilton wins face-off versus Adam Cracknell in neutral zone.
0:51 of 3rd period - Fredrik Claesson is hit by Seth Helgeson and loses puck.
1:22 of 3rd period - Backhand shot by Matt Fraser.
1:22 of 3rd period - Shot Misses the Net.
1:24 of 3rd period - Wrist shot by Brody Sutter.
1:24 of 3rd period - Stopped by Nathan Lieuwen with a rebound.
3:22 of 3rd period - Icing by Matt Fraser.
3:23 of 3rd period - Freddie Hamilton wins face-off versus Brody Sutter in Admirals NSH zone.
3:32 of 3rd period - Riley Wetmore is hit by Brody Sutter and loses puck.
4:01 of 3rd period - Minor Penalty to Cameron Schilling for Cross-checking.
4:02 of 3rd period - Freddie Hamilton wins face-off versus Mike Blunden in Admirals NSH zone.
4:09 of 3rd period - Wrist shot by Freddie Hamilton.
4:09 of 3rd period - Shot Blocked by Patrick Mullen.
5:28 of 3rd period - Wrist shot by Rylan Schwartz.
5:28 of 3rd period - Shot Hit the Post.
5:30 of 3rd period - Snap shot by Rylan Schwartz.
5:30 of 3rd period - Stopped by Johan Gustafsson with a rebound.
5:54 of 3rd period - Wrist shot by Adam Cracknell.
5:54 of 3rd period - Stopped by Nathan Lieuwen without a rebound.
5:55 of 3rd period - Michael Schumacher wins face-off versus Wade Megan in Ice Caps zone.
6:00 of 3rd period - Wade Megan is hit by Klas Dahlbeck and loses puck.
6:01 of 3rd period - Penalty to Cameron Schilling is over, Cameron Schilling is back on ice.
6:12 of 3rd period - Icing by Seth Helgeson.
6:13 of 3rd period - Brody Sutter wins face-off versus Riley Wetmore in Ice Caps zone.
6:14 of 3rd period - Wrist shot by Frazer McLaren.
6:14 of 3rd period - Stopped by Nathan Lieuwen with a rebound.
6:41 of 3rd period - Wrist shot by Frazer McLaren.
6:41 of 3rd period - Stopped by Nathan Lieuwen without a rebound.
6:42 of 3rd period - Wade Megan wins face-off versus Rylan Schwartz in Ice Caps zone.
6:45 of 3rd period - Slapshot by Pierre-Cedric Labrie.
6:45 of 3rd period - Stopped by Nathan Lieuwen without a rebound.
6:46 of 3rd period - Wade Megan wins face-off versus Rylan Schwartz in Ice Caps zone.
6:47 of 3rd period - Snap shot by Pierre-Cedric Labrie.
6:47 of 3rd period - Shot Misses the Net.
6:49 of 3rd period - Snap shot by Jamie Tardif.
6:49 of 3rd period - Shot Misses the Net.
7:09 of 3rd period - Snap shot by Colin Smith.
7:09 of 3rd period - Shot Blocked by Jyrki Jokipakka.
9:27 of 3rd period - Slapshot by Kory Nagy.
9:27 of 3rd period - Stopped by Johan Gustafsson with a rebound.
10:01 of 3rd period - Minor Penalty to Frazer McLaren for Holding.
10:02 of 3rd period - Colin Smith wins face-off versus Mike Blunden in Admirals NSH zone.
10:13 of 3rd period - Wrist shot by Corey Cowick.
10:13 of 3rd period - Deflect By Colin Smith.
10:13 of 3rd period - Stopped by Johan Gustafsson with a rebound.
10:17 of 3rd period - Wrist shot by Rylan Schwartz.
10:17 of 3rd period - Shot Misses the Net.
10:19 of 3rd period - Slapshot by Seth Helgeson.
10:19 of 3rd period - Shot Misses the Net.
10:21 of 3rd period - Wrist shot by Corey Cowick.
10:21 of 3rd period - Goal by Corey Cowick - Admirals NSH : 1 - Ice Caps : 2.
10:22 of 3rd period - Brody Sutter wins face-off versus Riley Wetmore in neutral zone.
10:50 of 3rd period - Seth Helgeson beats up Frazer McLaren.
10:50 of 3rd period - Penalty to Seth Helgeson for Fighting.
10:50 of 3rd period - Penalty to Frazer McLaren for Fighting.
10:51 of 3rd period - Rylan Schwartz wins face-off versus Adam Cracknell in neutral zone.
10:58 of 3rd period - Snap shot by Michael Schumacher.
10:58 of 3rd period - Shot Blocked by Fredrik Claesson.
11:28 of 3rd period - Wrist shot by Corey Cowick.
11:28 of 3rd period - Shot Misses the Net.
11:51 of 3rd period - Wrist shot by Freddie Hamilton.
11:51 of 3rd period - Stopped by Johan Gustafsson with a rebound.
11:53 of 3rd period - Snap shot by Riley Wetmore.
11:53 of 3rd period - Shot Misses the Net.
11:55 of 3rd period - Snap shot by Riley Wetmore.
11:55 of 3rd period - Shot Misses the Net.
11:57 of 3rd period - Snap shot by Brandon Davidson.
11:57 of 3rd period - Stopped by Johan Gustafsson without a rebound.
11:58 of 3rd period - Wade Megan wins face-off versus Riley Wetmore in Admirals NSH zone.
11:58 of 3rd period - Wade Megan is hit by Freddie Hamilton.
12:24 of 3rd period - Snap shot by Jamie Tardif.
12:24 of 3rd period - Shot Misses the Net.
12:45 of 3rd period - Riley Wetmore is hit by Brody Sutter and loses puck.
14:04 of 3rd period - Jyrki Jokipakka is hit by Garret Ross and loses puck.
14:18 of 3rd period - Off-side.
14:19 of 3rd period - Adam Cracknell wins face-off versus Colin Smith in neutral zone.
14:42 of 3rd period - Scott Mayfield is hit by Fredrik Claesson and loses puck.
15:24 of 3rd period - Patrick Mullen is hit by Rylan Schwartz and loses puck.
16:29 of 3rd period - Off-side.
16:30 of 3rd period - Colin Smith wins face-off versus Wade Megan in neutral zone.
16:35 of 3rd period - Corey Tropp is hit by Corey Cowick and loses puck.
17:54 of 3rd period - Minor Penalty to Garret Ross for Delaying the game.
17:55 of 3rd period - Adam Cracknell wins face-off versus Riley Wetmore in Ice Caps zone.
18:27 of 3rd period - Corey Cowick is hit by Frazer McLaren and loses puck.
18:36 of 3rd period - Snap shot by Frazer McLaren.
18:36 of 3rd period - Shot Misses the Net.
18:38 of 3rd period - Slapshot by Patrick Mullen.
18:38 of 3rd period - Stopped by Nathan Lieuwen with a rebound.
18:40 of 3rd period - Slapshot by Alexey Marchenko.
18:40 of 3rd period - Shot Blocked by Rasmus Rissanen.
19:06 of 3rd period - Admirals NSH, Johan Gustafsson is pulled from the net.
19:30 of 3rd period - Slapshot by Scott Mayfield.
19:30 of 3rd period - Shot Misses the Net.
19:52 of 3rd period - Snap shot by Adam Cracknell.
19:52 of 3rd period - Shot Misses the Net.
19:54 of 3rd period - Penalty to Garret Ross is over, Garret Ross is back on ice.
19:54 of 3rd period - Wrist shot by Adam Cracknell.
19:54 of 3rd period - Shot Misses the Net.
Goals for this period are 0 for Admirals NSH vs 1 for Ice Caps.
Shots for this period are 6 for Admirals NSH vs 6 for Ice Caps.


Output by the SimonT Hockey Simulator (STHS) for Eric Dolegowski -- Original Page W3C XHTML 1.0 Valid
Hockey Simulator - Hockey Simulation - Hockey Manager